 Dungeon Crawl Stone Soup version 0.30-a0-782-ge64f9170bb (webtiles) character file.

Game seed: 2704063637141101614

681 theswoord the Twirler (level 7, -1/50 HPs)
             Began as a Demonspawn Gladiator on Mar 14, 2023.
             Succumbed to Edmund's poison
             ... on level 5 of the Dungeon.
             The game lasted 00:06:01 (3338 turns).

theswoord the Twirler (Demonspawn Gladiator)        Turns: 3338, Time: 00:06:02

Health: -1/50      AC:  9    Str: 17    XL:     7   Next: 34%
Magic:  7/7        EV: 10    Int:  9    God:
Gold:   230        SH:  4    Dex: 14    Spells: 6/6 levels left

rFire   . . .      SeeInvis +    x - +1 quarterstaff (spect)
rCold   . . .      Faith    .    (shield currently unavailable)
rNeg    . . .      Spirit   .    h - +0 scale mail
rPois   .          Reflect  .    c - +1 helmet
rElec   .          Harm     .    (no cloak)
rCorr   .          Rampage  .    (no gloves)
Will    .....      Clarity  +    r - +0 pair of boots Stlth
                                 f - amulet of the acrobat
HPRegen 0.28/turn                s - ring of see invisible
MPRegen 0.10/turn                w - ring of wizardry

@: lethally poisoned (-1 -> -31)
A: condensation shield, weakness stinger 2, clarity, subdued magic 1
a: no special abilities


You were on level 5 of the Dungeon.
You visited 1 branch of the dungeon, and saw 5 of its levels.

You collected 230 gold pieces.

Inventory:

Hand Weapons
 a - a +0 quarterstaff of electrocution
 x - a +1 spectral quarterstaff (weapon)
Missiles
 d - 2 throwing nets (quivered)
 e - a javelin
Armour
 b - a +0 leather armour
 c - a +1 helmet (worn)
 h - a +0 scale mail (worn)
 r - a +0 pair of boots (worn)
Jewellery
 f - an amulet of the acrobat (around neck)
 s - a ring of see invisible (left hand)
 w - a ring of wizardry (right hand)
Wands
 m - a wand of paralysis (8)
 v - a wand of mindburst (15)
Scrolls
 g - a scroll of teleportation
 o - a scroll of amnesia
 t - a scroll of noise {unknown}
 y - a scroll of blinking
Potions
 i - 3 potions of cancellation
 j - a potion of mutation
 k - 2 potions of curing
 l - a potion of magic
 n - a potion of haste
 p - a potion of lignification
 q - a potion of attraction
 u - 3 potions of flight
 z - a potion of might


   Skills:
 - Level 2.0 Fighting
 + Level 7.9 Staves
 - Level 1.7 Throwing
 - Level 2.6 Dodging


You had 6 spell levels left.
You didn't know any spells.
Your spell library contained the following spells:

 Spells                   Type           Power      Damage    Failure   Level
 Freeze                   Ice            0%         1d3       45%         1
 Frozen Ramparts          Ice            0%         1d1       82%         3
 Hailstorm                Conj/Ice       0%         3d3       82%         3


Dungeon Overview and Level Annotations

Branches:
Dungeon (5/15)
 Temple: D:4-7

Altars:
Wu Jian
Xom

Shops:
D:3 (


Innate Abilities, Weirdness & Mutations

A meltable shield of frost defends you. (SH +4)
You have a tail ending in a sharp stinger.
You possess an exceptional clarity of mind.
Your spells are a little easier to cast, but a little less powerful.


Message History

The iguana completely misses you.
You hit the iguana but do no damage.
Your +1 spectral quarterstaff hits the iguana.
The iguana misses you.
You barely miss the iguana.
Your +1 spectral quarterstaff hits the iguana!
The iguana bites you.
You hit the iguana.
Your tail-slap misses the iguana.
Your +1 spectral quarterstaff hits the iguana.
You kill the iguana!
Edmund hits you with a +0 flail of venom.
You are poisoned.
You hit Edmund.
Your +1 spectral quarterstaff hits Edmund.
You feel very sick.
Edmund says, "Maybe I'll buy a title.
How does Count Edmund sound?"
Edmund hits you with a +0 flail of venom.
You sock Edmund!
Your +1 spectral quarterstaff barely misses Edmund.
You feel very sick.
Edmund hits you with a +0 flail of venom!
* * * LOW HITPOINT WARNING * * *
You are lethally poisoned!
You sock Edmund!
Your +1 spectral quarterstaff hits Edmund!
* * * LOW HITPOINT WARNING * * *
You feel very sick.
Edmund says, "I might not be good at magic, but I can still kill you!"
Edmund closely misses you.
You hit Edmund but do no damage.
Your tail-slap misses Edmund.
Your +1 spectral quarterstaff barely misses Edmund.
* * * LOW HITPOINT WARNING * * *
You feel very sick.
Edmund hits you with a +0 flail of venom.
* * * LOW HITPOINT WARNING * * *
You are more poisoned.
You hit Edmund.
Your +1 spectral quarterstaff hits Edmund!
You kill Edmund!
You die...

... .[. #...... # ...
..... #.#.# ##....
.#.# .(..## ..##
#....###.# #
#..#######....... #.
#.......##..)(##
#.###..####.##..@†.#
#................#.#
#...............## ..
#...#..####.##.## ##
#........##.##......^.
#....<...##.##########
#.........#.#
#.#.......#.#
#...........###


You could see a friendly +1 spectral quarterstaff (summoned).

Vanquished Creatures
  Grinder (D:3)
  Edmund (D:5)
  Menkaure (D:5)
  An ogre (D:4)
  A jelly (D:4)
  A hound (D:5)
  Ijyb (D:3)
  An iguana (D:5)
  An orc wizard (D:2)
  Robin (D:3)
  3 adders
  3 worms
  A dart slug (D:3)
  8 orcs
  6 ball pythons
  3 bats
  5 endoplasms
  4 giant cockroaches
  22 goblins
  8 hobgoblins
  3 jackals (D:2)
  5 quokkas
  2 frilled lizards (D:2)
  7 kobolds
  22 rats
112 creatures vanquished.

Notes
Turn   | Place    | Note
-------+----------+-------------------------------------------
     0 | D:1      | theswoord the Demonspawn Gladiator began the quest for the
                  | Orb.
     0 | D:1      | Reached XP level 1. HP: 16/16 MP: 1/1
    46 | D:1      | Reached skill level 3 in Staves
    52 | D:1      | Gained mutation: A meltable shield of frost defends you.
                  | (SH +4) [demonic ancestry]
    52 | D:1      | Reached XP level 2. HP: 14/22 MP: 2/2
   615 | D:2      | Found a faded altar of an unknown god.
   737 | D:2      | Gained mutation: You have a small tail. [demonic ancestry]
   737 | D:2      | Reached XP level 3. HP: 27/27 MP: 3/3
   762 | D:2      | Reached skill level 4 in Staves
  1053 | D:2      | Reached XP level 4. HP: 13/33 MP: 4/4
  1412 | D:3      | Found Hoblel's Weapon Emporium.
  1496 | D:3      | Identified the +3 hand axe of Ojiecu {elec, Dex+4}
  1557 | D:3      | Noticed Grinder
  1569 | D:3      | Gained mutation: Your spells are a little easier to cast,
                  | but a little less powerful. [potion of mutation]
  1569 | D:3      | Gained mutation: You possess an exceptional clarity of
                  | mind. [potion of mutation]
  1575 | D:3      | Killed Grinder
  1576 | D:3      | Reached skill level 6 in Staves
  1576 | D:3      | Reached XP level 5. HP: 20/38 MP: 5/5
  1576 | D:3      | Reached XP level 6. HP: 23/44 MP: 6/6
  1730 | D:3      | Found a shimmering altar of Xom.
  1817 | D:3      | Found an ornate altar of the Wu Jian Council.
  1887 | D:3      | Noticed Ijyb
  1893 | D:3      | Paralysed by Ijyb for 3 turns
  1901 | D:3      | Killed Ijyb
  2188 | D:3      | Noticed Robin
  2201 | D:3      | Killed Robin
  2820 | D:4      | Reached skill level 7 in Staves
  2980 | D:4      | Identified a scroll of acquirement
  2980 | D:4      | Acquired a +1 spectral quarterstaff
  3127 | D:5      | Entered Level 5 of the Dungeon
  3127 | D:5      | Noticed Menkaure
  3132 | D:5      | Killed Menkaure
  3133 | D:5      | Gained mutation: You have a tail ending in a sharp stinger.
                  | [demonic ancestry]
  3133 | D:5      | Reached XP level 7. HP: 8/50 MP: 7/7
  3328 | D:5      | Noticed Edmund
  3338 | D:5      | Killed Edmund
  3338 | D:5      | Succumbed to Edmund's poison

Skill      XL: |  1  2  3  4  5  6 |
---------------+-------------------+-----
Staves         | 3 4 6 7 |  7.9
Fighting       | |  2.0
Throwing       | |  1.7
Dodging        | |  2.6

Action                     |  1- 3 |  4- 6 |  7- 9 || total
---------------------------+-------+-------+-------++-------
  Melee: Quarterstaff      |   104 |   149 |    11 ||   264
         Tailslap          |     2 |    16 |       ||    18
  Throw: Throwing net      |       |     1 |       ||     1
    Use: Scroll            |     3 |    12 |       ||    15
         Potion            |       |     4 |       ||     4
 Armour: Leather armour    |    45 |     9 |       ||    54
         Scale mail        |       |    27 |       ||    27
  Dodge: Dodged            |    81 |    69 |     6 ||   156
  Block: Other             |    20 |    23 |       ||    43

Levels and vault maps discovered:
D:1:      lightli_arrival_boilingwater, layout_rooms, st_stairs_1
D:2:      layout_basic, hellmonk_ecumenical_altar_pennies_from_heaven,
          st_stairs_4, minmay_bisected
D:3:      layout_loops_corners, old_standard_altar,
          nicolae_wu_jian_immortal_techniques, serial_shops,
          nicolae_shop_bloodbath_and_beyond, uniq_grinder, uniq_robin, uniq_ijyb
D:4:      layout_cave_pools, minmay_rat_hole
D:5:      layout_loops_ring, nicolae_uskayaw_suspiria,
          gammafunk_ghost_gnarly_gnolls, uniq_menkaure, uniq_edmund,
          uniq_eustachio
